1831 views
Uploaded 2023-02-12 03:39:54
Game version 1.35 (6115)
43:03 long 2on2 ladder game on (4)hillsbradcreek s3
Saved by GIGA
1831 views
Uploaded 2023-02-12 03:39:54
Game version 1.35 (6115)
43:03 long 2on2 ladder game on (4)hillsbradcreek s3


91 units @ 9.8k
/ 1.9k
95 buildings @ 6.9k
/ 2.9k
GIGA
(207)
(42:49) : 


| Scroll of Regeneration | 1 | 100 |
| total: | 1 | 100g |
| Peasant | 14 | 1050 | / | 0 |
| Footman | 3 | 405 | / | 0 |
| Forest Troll Shadow Priest | 1 | 195 | / | 10 |
| total: | 18 | 1650g | / | 10w |
| Scout Tower | 40 | 1200 | / | 800 |
| Arcane Tower | 5 | 350 | / | 250 |
| Guard Tower | 15 | 1050 | / | 750 |
| Altar of Kings | 1 | 180 | / | 50 |
| Farm | 4 | 320 | / | 80 |
| Barracks | 1 | 160 | / | 60 |
| Lumber Mill | 2 | 240 | / | 0 |
| Arcane Vault | 1 | 130 | / | 30 |
| Town Hall | 1 | 385 | / | 205 |
| Keep | 1 | 320 | / | 210 |
| Castle | 1 | 360 | / | 210 |
| total: | 50 | 2615g | / | 1225w |
| 0:04 | Peasant |
| 0:04 | Peasant |
| 0:08 | Altar of Kings |
| 0:12 | Farm |
| 0:14 | Farm |
| 0:36 | Peasant |
| 0:41 | Peasant |
| 0:45 | Barracks |
| 0:53 | Peasant |
| 1:14 | Peasant |
| 1:37 | Scout Tower |
| 1:42 | Peasant |
| 1:42 | Peasant |
| 1:47 | Farm |
| 1:48 | Footman |
| 1:52 | Lumber Mill |
| 2:06 | Arcane Tower |
| 2:14 | Storm Bolt |
| 2:23 | Peasant |
| 2:27 | Arcane Vault |
| 2:32 | Peasant |
| 2:36 | Scout Tower |
| 2:45 | Footman |
| 2:56 | Peasant |
| 2:59 | Improved Lumber Harvesting |
| 3:05 | Guard Tower |
| 3:46 | Keep |
| 3:51 | Scout Tower |
| 4:04 | Bash |
| 4:35 | Footman |
| 4:40 | Scout Tower |
| 4:40 | Scout Tower |
| 4:51 | Farm |
| 5:04 | Guard Tower |
| 6:01 | Guard Tower |
| 6:09 | Scout Tower |
| 6:10 | Scout Tower |
| 6:11 | Scout Tower |
| 6:11 | Scout Tower |
| 6:12 | Scout Tower |
| 6:26 | Peasant |
| 6:26 | Peasant |
| 6:26 | Peasant |
| 6:28 | Improved Masonry |
| 6:35 | Scroll of Regeneration |
| 6:44 | Guard Tower |
| 6:49 | Scout Tower |
| 6:51 | Arcane Tower |
| 7:19 | Lumber Mill |
| 7:22 | Guard Tower |
| 7:23 | Guard Tower |
| 7:25 | Guard Tower |
| 7:50 | Holy Light |
| 8:16 | Scout Tower |
| 8:18 | Scout Tower |
| 8:19 | Scout Tower |
| 8:29 | Advanced Masonry |
| 8:45 | Storm Bolt |
| 8:51 | Forest Troll Shadow Priest |
| 9:49 | Divine Shield |
| 9:56 | Guard Tower |
| 10:00 | Scout Tower |
| 10:01 | Scout Tower |
| 10:02 | Scout Tower |
| 10:02 | Scout Tower |
| 10:03 | Scout Tower |
| 10:05 | Scout Tower |
| 10:05 | Scout Tower |
| 10:07 | Scout Tower |
| 10:56 | Guard Tower |
| 11:00 | Castle |
| 11:22 | Arcane Tower |
| 11:23 | Guard Tower |
| 11:25 | Guard Tower |
| 11:27 | Scout Tower |
| 11:28 | Scout Tower |
| 11:46 | Guard Tower |
| 13:21 | Imbued Masonry |
| 14:36 | Town Hall |
| 14:51 | Guard Tower |
| 16:42 | Scout Tower |
| 16:43 | Scout Tower |
| 16:43 | Scout Tower |
| 16:44 | Scout Tower |
| 16:45 | Scout Tower |
| 16:49 | Scout Tower |
| 16:49 | Scout Tower |
| 16:52 | Scout Tower |
| 16:53 | Scout Tower |
| 17:21 | Arcane Tower |
| 17:40 | Guard Tower |
| 18:02 | Arcane Tower |
| 25:26 | Scout Tower |
| 25:26 | Scout Tower |
| 25:27 | Scout Tower |
| 25:28 | Scout Tower |
| 25:29 | Scout Tower |
| 25:29 | Scout Tower |
| 25:30 | Scout Tower |
| 31:08 | Guard Tower |
| 39:21 | Divine Shield |
| 39:43 | Storm Bolt |
| 39:45 | Storm Bolt |
| 42:15 | Banish |
| Right click | 2729 |
| Select group | 1937 |
| Select | 477 |
| Build/train/purchase | 77 |
| Misc. action | 54 |
| Minimap ping | 46 |
| Resource trade | 39 |
| Use ability | 37 |
| Assign group | 33 |
| Chat | 12 |


| Boots of Speed | 2 | 500 |
| total: | 2 | 500g |
| Peasant | 21 | 1575 | / | 0 |
| Footman | 1 | 135 | / | 0 |
| Rifleman | 4 | 820 | / | 120 |
| Flying Machine | 36 | 3600 | / | 1080 |
| Mortar Team | 8 | 1440 | / | 560 |
| Dragonhawk Rider | 3 | 600 | / | 90 |
| total: | 73 | 8170g | / | 1850w |
| Scout Tower | 9 | 270 | / | 180 |
| Arcane Tower | 1 | 70 | / | 50 |
| Guard Tower | 5 | 350 | / | 250 |
| Altar of Kings | 2 | 360 | / | 100 |
| Farm | 22 | 1760 | / | 440 |
| Barracks | 1 | 160 | / | 60 |
| Blacksmith | 2 | 280 | / | 120 |
| Lumber Mill | 2 | 240 | / | 0 |
| Arcane Vault | 3 | 390 | / | 90 |
| Town Hall | 1 | 385 | / | 205 |
| Workshop | 2 | 280 | / | 280 |
| Gryphon Aviary | 1 | 140 | / | 150 |
| Keep | 2 | 640 | / | 420 |
| Castle | 2 | 720 | / | 420 |
| total: | 45 | 4265g | / | 1625w |
| 0:04 | Peasant |
| 0:16 | Peasant |
| 0:20 | Altar of Kings |
| 0:21 | Peasant |
| 0:29 | Peasant |
| 0:35 | Farm |
| 0:41 | Peasant |
| 0:52 | Peasant |
| 1:08 | Barracks |
| 1:12 | Farm |
| 1:15 | Peasant |
| 1:25 | Peasant |
| 1:41 | Blacksmith |
| 1:44 | Peasant |
| 1:50 | Peasant |
| 1:54 | Scout Tower |
| 2:00 | Peasant |
| 2:14 | Footman |
| 2:20 | Storm Bolt |
| 2:22 | Farm |
| 2:24 | Arcane Tower |
| 2:30 | Peasant |
| 3:17 | Rifleman |
| 3:27 | Keep |
| 3:30 | Scout Tower |
| 3:48 | Rifleman |
| 4:08 | Lumber Mill |
| 4:12 | Rifleman |
| 4:41 | Farm |
| 4:49 | Arcane Vault |
| 5:13 | Farm |
| 5:16 | Guard Tower |
| 5:24 | Bash |
| 5:37 | Rifleman |
| 5:40 | Farm |
| 6:13 | Scout Tower |
| 6:14 | Scout Tower |
| 6:14 | Scout Tower |
| 6:15 | Scout Tower |
| 6:47 | Guard Tower |
| 6:53 | Town Hall |
| 7:05 | Holy Light |
| 7:09 | Guard Tower |
| 7:14 | Scout Tower |
| 7:14 | Scout Tower |
| 7:52 | Guard Tower |
| 7:54 | Scout Tower |
| 8:06 | Storm Bolt |
| 8:20 | Blacksmith |
| 8:22 | Guard Tower |
| 8:26 | Peasant |
| 8:27 | Peasant |
| 8:47 | Workshop |
| 8:49 | Workshop |
| 9:04 | Castle |
| 9:49 | Black Gunpowder |
| 9:56 | Divine Shield |
| 10:00 | Improved Lumber Harvesting |
| 10:00 | Improved Masonry |
| 11:05 | Peasant |
| 11:05 | Peasant |
| 11:06 | Peasant |
| 11:09 | Refined Gunpowder |
| 11:40 | Farm |
| 11:41 | Farm |
| 11:46 | Flak Cannons |
| 11:54 | Flying Machine Bombs |
| 11:54 | Fragmentation Shards |
| 11:55 | Flare |
| 12:09 | Farm |
| 12:10 | Farm |
| 12:59 | Imbued Gunpowder |
| 13:00 | Iron Plating |
| 13:02 | Peasant |
| 13:02 | Peasant |
| 13:04 | Advanced Lumber Harvesting |
| 13:05 | Advanced Masonry |
| 13:06 | Peasant |
| 13:07 | Peasant |
| 13:13 | Flying Machine |
| 13:13 | Flying Machine |
| 13:14 | Flying Machine |
| 13:14 | Flying Machine |
| 13:14 | Flying Machine |
| 13:14 | Flying Machine |
| 13:14 | Flying Machine |
| 13:35 | Mortar Team |
| 13:49 | Studded Leather Armor |
| 14:14 | Flying Machine |
| 14:14 | Flying Machine |
| 14:15 | Flying Machine |
| 14:15 | Flying Machine |
| 14:15 | Flying Machine |
| 14:15 | Flying Machine |
| 14:15 | Flying Machine |
| 14:42 | Flying Machine |
| 15:21 | Flying Machine |
| 15:21 | Flying Machine |
| 15:21 | Flying Machine |
| 15:36 | Imbued Masonry |
| 15:48 | Farm |
| 15:51 | Farm |
| 15:54 | Farm |
| 15:55 | Farm |
| 15:58 | Farm |
| 15:58 | Farm |
| 16:12 | Farm |
| 16:32 | Farm |
| 16:33 | Farm |
| 16:34 | Farm |
| 17:18 | Flying Machine |
| 17:18 | Flying Machine |
| 18:29 | Flying Machine |
| 18:29 | Flying Machine |
| 18:29 | Flying Machine |
| 18:29 | Flying Machine |
| 18:30 | Flying Machine |
| 18:30 | Flying Machine |
| 18:30 | Flying Machine |
| 19:12 | Flying Machine |
| 19:12 | Flying Machine |
| 19:39 | Keep |
| 20:39 | Arcane Vault |
| 20:51 | Lumber Mill |
| 22:09 | Gryphon Aviary |
| 22:18 | Altar of Kings |
| 23:33 | Castle |
| 24:28 | Holy Light |
| 25:19 | Bash |
| 25:21 | Holy Light |
| 26:11 | Arcane Vault |
| 26:22 | Mortar Team |
| 26:23 | Mortar Team |
| 26:42 | Cloud |
| 26:43 | Dragonhawk Rider |
| 26:43 | Dragonhawk Rider |
| 29:38 | Bash |
| 30:56 | Mortar Team |
| 30:56 | Mortar Team |
| 30:57 | Mortar Team |
| 31:04 | Farm |
| 31:06 | Farm |
| 32:13 | Mortar Team |
| 32:16 | Steel Plating |
| 32:17 | Reinforced Leather Armor |
| 33:49 | Dragonhawk Rider |
| 36:50 | Mortar Team |
| 39:36 | Flying Machine |
| 39:36 | Flying Machine |
| 39:36 | Flying Machine |
| 39:36 | Flying Machine |
| 39:36 | Flying Machine |
| 39:36 | Flying Machine |
| 39:39 | Flying Machine |
| 39:51 | Divine Shield |
| 40:48 | Boots of Speed |
| 40:49 | Boots of Speed |
| Right click | 1855 |
| Select group | 827 |
| Select | 410 |
| Build/train/purchase | 138 |
| Misc. action | 131 |
| Use ability | 82 |
| Assign group | 20 |
| Minimap ping | 19 |
| Esc | 5 |
| Resource trade | 4 |
| Item give/drop | 2 |
94 units @ 14.2k
/ 2.5k
118 buildings @ 10.5k
/ 5.3k



x1)
| Scroll of Regeneration | 1 | 100 |
| Staff of Sanctuary | 1 | 250 |
| Scroll of Healing | 1 | 250 |
| Potion of Lesser Invulnerability | 1 | 150 |
| Tome of Retraining | 1 | 300 |
| total: | 5 | 1050g |
| Peasant | 8 | 600 | / | 0 |
| Footman | 3 | 405 | / | 0 |
| Rifleman | 2 | 410 | / | 60 |
| Sorceress | 1 | 155 | / | 20 |
| Priest | 3 | 405 | / | 30 |
| Mortar Team | 6 | 1080 | / | 420 |
| Spell Breaker | 1 | 215 | / | 30 |
| Knight | 5 | 1225 | / | 300 |
| Siege Engine | 5 | 975 | / | 300 |
| total: | 34 | 5470g | / | 1160w |
| Scout Tower | 18 | 540 | / | 360 |
| Arcane Tower | 2 | 140 | / | 100 |
| Guard Tower | 9 | 630 | / | 450 |
| Farm | 20 | 1600 | / | 400 |
| Altar of Kings | 2 | 360 | / | 100 |
| Lumber Mill | 2 | 240 | / | 0 |
| Barracks | 1 | 160 | / | 60 |
| Blacksmith | 2 | 280 | / | 120 |
| Arcane Vault | 1 | 130 | / | 30 |
| Town Hall | 2 | 770 | / | 410 |
| Arcane Sanctum | 1 | 150 | / | 140 |
| Workshop | 3 | 420 | / | 420 |
| Keep | 2 | 640 | / | 420 |
| Castle | 2 | 720 | / | 420 |
| total: | 52 | 4650g | / | 2040w |
| 0:02 | Peasant |
| 0:02 | Peasant |
| 0:07 | Farm |
| 0:10 | Altar of Kings |
| 0:19 | Lumber Mill |
| 0:31 | Peasant |
| 0:33 | Farm |
| 0:47 | Peasant |
| 0:48 | Barracks |
| 0:58 | Peasant |
| 1:09 | Farm |
| 1:20 | Improved Lumber Harvesting |
| 1:22 | Peasant |
| 1:35 | Peasant |
| 1:44 | Scout Tower |
| 1:50 | Footman |
| 1:56 | Farm |
| 2:13 | Summon Water Elemental |
| 2:23 | Footman |
| 2:25 | Arcane Tower |
| 2:27 | Peasant |
| 2:51 | Footman |
| 3:18 | Keep |
| 3:28 | Blacksmith |
| 3:35 | Arcane Vault |
| 3:42 | Brilliance Aura |
| 4:51 | Scroll of Regeneration |
| 4:59 | Rifleman |
| 5:08 | Farm |
| 5:24 | Farm |
| 5:48 | Arcane Sanctum |
| 5:50 | Workshop |
| 6:04 | Rifleman |
| 6:25 | Castle |
| 6:30 | Summon Water Elemental |
| 6:54 | Advanced Lumber Harvesting |
| 6:57 | Siphon Mana |
| 7:18 | Sorceress |
| 7:20 | Priest |
| 7:36 | Mortar Team |
| 7:36 | Mortar Team |
| 8:12 | Farm |
| 8:14 | Farm |
| 8:38 | Spell Breaker |
| 8:56 | Animal War Training |
| 8:57 | Knight |
| 9:02 | Flame Strike |
| 9:11 | Mortar Team |
| 9:12 | Fragmentation Shards |
| 9:47 | Flare |
| 10:30 | Brilliance Aura |
| 10:35 | Farm |
| 10:40 | Siphon Mana |
| 10:53 | Holy Light |
| 11:11 | Knight |
| 11:17 | Black Gunpowder |
| 11:18 | Iron Plating |
| 11:37 | Knight |
| 11:38 | Farm |
| 11:47 | Sorceress Adept Training |
| 12:09 | Potion of Lesser Invulnerability |
| 12:09 | Scroll of Healing |
| 13:18 | Refined Gunpowder |
| 14:32 | Staff of Sanctuary |
| 15:27 | Knight |
| 15:31 | Flak Cannons |
| 15:48 | Imbued Gunpowder |
| 15:54 | Priest |
| 15:55 | Priest |
| 15:56 | Farm |
| 16:55 | Tome of Retraining |
| 16:55 | Retrain Hero |
| 16:59 | Blizzard |
| 17:00 | Brilliance Aura |
| 17:00 | Brilliance Aura |
| 18:07 | Knight |
| 18:38 | Mortar Team |
| 18:38 | Mortar Team |
| 18:38 | Mortar Team |
| 19:56 | Steel Plating |
| 19:56 | Iron Forged Swords |
| 20:18 | Barrage |
| 20:34 | Farm |
| 20:50 | Town Hall |
| 21:03 | Siege Engine |
| 21:31 | Siege Engine |
| 23:10 | Scout Tower |
| 23:10 | Scout Tower |
| 23:11 | Scout Tower |
| 23:11 | Scout Tower |
| 23:12 | Scout Tower |
| 23:12 | Scout Tower |
| 23:13 | Scout Tower |
| 24:17 | Scout Tower |
| 24:18 | Scout Tower |
| 24:20 | Scout Tower |
| 24:20 | Scout Tower |
| 24:21 | Scout Tower |
| 24:54 | Town Hall |
| 25:01 | Guard Tower |
| 25:34 | Guard Tower |
| 25:46 | Scout Tower |
| 25:47 | Scout Tower |
| 25:49 | Scout Tower |
| 26:02 | Keep |
| 26:14 | Guard Tower |
| 26:17 | Guard Tower |
| 26:19 | Guard Tower |
| 26:27 | Lumber Mill |
| 27:19 | Farm |
| 27:34 | Blacksmith |
| 27:42 | Farm |
| 27:43 | Improved Masonry |
| 27:56 | Scout Tower |
| 28:23 | Scout Tower |
| 28:32 | Altar of Kings |
| 28:35 | Guard Tower |
| 28:39 | Farm |
| 28:40 | Farm |
| 29:46 | Advanced Masonry |
| 29:49 | Guard Tower |
| 29:51 | Farm |
| 29:58 | Farm |
| 30:12 | Castle |
| 30:17 | Blizzard |
| 30:33 | Workshop |
| 30:50 | Workshop |
| 31:05 | Farm |
| 31:56 | Farm |
| 32:53 | Imbued Masonry |
| 35:50 | Siege Engine |
| 35:51 | Siege Engine |
| 35:52 | Siege Engine |
| 36:59 | Mithril Plating |
| Right click | 2768 |
| Select group | 2441 |
| Select | 685 |
| Build/train/purchase | 161 |
| Assign group | 134 |
| Misc. action | 69 |
| Use ability | 52 |
| Minimap ping | 8 |
| Remove unit | 5 |
| Item give/drop | 1 |
sorcerer79
(42:48) : 


x1)
| Staff of Sanctuary | 3 | 750 |
| Orb of Fire | 1 | 325 |
| Scroll of Town Portal | 5 | 1750 |
| Tome of Retraining | 1 | 300 |
| Potion of Lesser Invulnerability | 2 | 300 |
| Boots of Speed | 1 | 250 |
| total: | 13 | 3675g |
| Peasant | 23 | 1725 | / | 0 |
| Footman | 5 | 675 | / | 0 |
| Priest | 6 | 810 | / | 60 |
| Spell Breaker | 4 | 860 | / | 120 |
| Mortar Team | 3 | 540 | / | 210 |
| Siege Engine | 7 | 1365 | / | 420 |
| Sorceress | 1 | 155 | / | 20 |
| Gryphon Rider | 6 | 1680 | / | 420 |
| Flying Machine | 1 | 100 | / | 30 |
| Dragonhawk Rider | 2 | 400 | / | 60 |
| Forest Troll Berserker | 1 | 245 | / | 30 |
| Forest Troll Shadow Priest | 1 | 195 | / | 10 |
| total: | 60 | 8750g | / | 1380w |
| Scout Tower | 33 | 990 | / | 660 |
| Arcane Tower | 2 | 140 | / | 100 |
| Guard Tower | 14 | 980 | / | 700 |
| Altar of Kings | 2 | 360 | / | 100 |
| Farm | 14 | 1120 | / | 280 |
| Barracks | 1 | 160 | / | 60 |
| Arcane Vault | 1 | 130 | / | 30 |
| Blacksmith | 2 | 280 | / | 120 |
| Lumber Mill | 1 | 120 | / | 0 |
| Town Hall | 4 | 1540 | / | 820 |
| Arcane Sanctum | 2 | 300 | / | 280 |
| Workshop | 2 | 280 | / | 280 |
| Gryphon Aviary | 4 | 560 | / | 600 |
| Keep | 2 | 640 | / | 420 |
| Castle | 1 | 360 | / | 210 |
| total: | 66 | 5840g | / | 3230w |
| 0:02 | Peasant |
| 0:02 | Peasant |
| 0:09 | Altar of Kings |
| 0:10 | Altar of Kings |
| 0:19 | Farm |
| 0:21 | Barracks |
| 0:24 | Peasant |
| 0:31 | Peasant |
| 0:44 | Peasant |
| 0:56 | Farm |
| 1:00 | Peasant |
| 1:18 | Peasant |
| 1:33 | Footman |
| 1:43 | Farm |
| 1:45 | Footman |
| 1:51 | Peasant |
| 1:51 | Peasant |
| 2:06 | Scout Tower |
| 2:10 | Summon Water Elemental |
| 2:29 | Footman |
| 2:46 | Keep |
| 3:03 | Arcane Tower |
| 3:04 | Footman |
| 3:19 | Brilliance Aura |
| 3:22 | Footman |
| 3:25 | Farm |
| 4:21 | Forest Troll Berserker |
| 4:22 | Forest Troll Shadow Priest |
| 4:41 | Farm |
| 5:34 | Summon Water Elemental |
| 5:53 | Arcane Sanctum |
| 5:57 | Arcane Sanctum |
| 6:00 | Farm |
| 6:41 | Brilliance Aura |
| 6:42 | Holy Light |
| 6:46 | Priest Adept Training |
| 6:47 | Priest |
| 6:47 | Priest |
| 6:51 | Arcane Vault |
| 7:12 | Priest |
| 7:18 | Blacksmith |
| 8:11 | Farm |
| 8:44 | Devotion Aura |
| 8:54 | Iron Forged Swords |
| 8:54 | Iron Plating |
| 8:56 | Spell Breaker |
| 8:57 | Spell Breaker |
| 9:00 | Spell Breaker |
| 9:02 | Lumber Mill |
| 9:24 | Priest |
| 9:32 | Peasant |
| 9:32 | Peasant |
| 9:34 | Improved Lumber Harvesting |
| 9:34 | Improved Masonry |
| 9:44 | Scroll of Town Portal |
| 10:54 | Spell Breaker |
| 11:19 | Castle |
| 11:31 | Steel Forged Swords |
| 11:32 | Steel Plating |
| 11:42 | Scout Tower |
| 11:43 | Scout Tower |
| 11:53 | Town Hall |
| 11:58 | Scout Tower |
| 12:00 | Scout Tower |
| 12:54 | Guard Tower |
| 12:56 | Scout Tower |
| 12:57 | Scout Tower |
| 13:03 | Scroll of Town Portal |
| 13:12 | Guard Tower |
| 13:18 | Tome of Retraining |
| 13:18 | Retrain Hero |
| 13:46 | Guard Tower |
| 13:53 | Guard Tower |
| 13:58 | Blizzard |
| 13:58 | Brilliance Aura |
| 15:28 | Peasant |
| 15:28 | Peasant |
| 15:28 | Peasant |
| 15:28 | Peasant |
| 15:31 | Peasant |
| 15:31 | Peasant |
| 15:31 | Peasant |
| 15:31 | Peasant |
| 15:54 | Scout Tower |
| 15:57 | Scout Tower |
| 16:11 | Advanced Masonry |
| 16:15 | Scout Tower |
| 16:20 | Scout Tower |
| 16:21 | Scout Tower |
| 16:21 | Scout Tower |
| 16:21 | Scout Tower |
| 16:30 | Guard Tower |
| 16:42 | Workshop |
| 16:44 | Workshop |
| 17:05 | Guard Tower |
| 17:07 | Black Gunpowder |
| 17:12 | Guard Tower |
| 17:13 | Guard Tower |
| 17:59 | Guard Tower |
| 18:17 | Priest Master Training |
| 18:18 | Magic Sentry |
| 18:50 | Fragmentation Shards |
| 18:50 | Flare |
| 18:53 | Refined Gunpowder |
| 18:56 | Farm |
| 18:56 | Farm |
| 19:13 | Imbued Masonry |
| 19:13 | Advanced Lumber Harvesting |
| 19:14 | Peasant |
| 19:15 | Peasant |
| 19:15 | Peasant |
| 19:15 | Peasant |
| 19:58 | Mortar Team |
| 19:58 | Mortar Team |
| 20:23 | Barrage |
| 20:25 | Siege Engine |
| 20:29 | Siege Engine |
| 20:50 | Imbued Gunpowder |
| 20:52 | Blacksmith |
| 21:02 | Scroll of Town Portal |
| 21:03 | Staff of Sanctuary |
| 21:03 | Orb of Fire |
| 21:10 | Scout Tower |
| 21:10 | Scout Tower |
| 21:11 | Scout Tower |
| 21:11 | Scout Tower |
| 21:12 | Scout Tower |
| 21:26 | Siege Engine |
| 21:27 | Siege Engine |
| 22:02 | Siege Engine |
| 22:03 | Siege Engine |
| 22:05 | Farm |
| 22:14 | Guard Tower |
| 22:20 | Town Hall |
| 22:59 | Siege Engine |
| 23:10 | Mortar Team |
| 23:53 | Mithril Plating |
| 24:18 | Scout Tower |
| 24:18 | Scout Tower |
| 24:19 | Scout Tower |
| 24:20 | Scout Tower |
| 24:20 | Scout Tower |
| 25:11 | Potion of Lesser Invulnerability |
| 25:11 | Scroll of Town Portal |
| 25:58 | Holy Light |
| 26:04 | Staff of Sanctuary |
| 26:12 | Guard Tower |
| 27:51 | Studded Leather Armor |
| 27:51 | Mithril Forged Swords |
| 27:56 | Gryphon Aviary |
| 27:57 | Gryphon Aviary |
| 28:00 | Gryphon Aviary |
| 28:32 | Gryphon Aviary |
| 28:45 | Potion of Lesser Invulnerability |
| 28:46 | Boots of Speed |
| 29:02 | Sorceress |
| 29:03 | Sorceress Adept Training |
| 30:25 | Scroll of Town Portal |
| 30:46 | Storm Hammers |
| 30:46 | Cloud |
| 31:37 | Gryphon Rider |
| 31:55 | Scout Tower |
| 31:55 | Scout Tower |
| 31:56 | Scout Tower |
| 31:56 | Scout Tower |
| 31:57 | Scout Tower |
| 31:57 | Scout Tower |
| 32:26 | Gryphon Rider |
| 32:28 | Guard Tower |
| 32:32 | Town Hall |
| 32:44 | Scout Tower |
| 32:45 | Scout Tower |
| 32:46 | Scout Tower |
| 33:48 | Gryphon Rider |
| 33:51 | Guard Tower |
| 34:18 | Gryphon Rider |
| 35:14 | Priest |
| 35:16 | Farm |
| 36:21 | Priest |
| 36:41 | Flying Machine |
| 37:10 | Reinforced Leather Armor |
| 38:30 | Farm |
| 38:31 | Farm |
| 38:32 | Farm |
| 39:18 | Blizzard |
| 39:38 | Dragonhawk Rider |
| 39:42 | Gryphon Rider |
| 39:43 | Dragonhawk Rider |
| 40:07 | Storm Bolt |
| 40:10 | Staff of Sanctuary |
| 40:43 | Town Hall |
| 41:30 | Gryphon Rider |
| Right click | 1902 |
| Select | 1016 |
| Misc. action | 365 |
| Build/train/purchase | 197 |
| Select group | 197 |
| Use ability | 90 |
| Assign group | 58 |
| Esc | 25 |
| Resource trade | 17 |
| Item give/drop | 9 |
| Remove unit | 2 |
| Minimap ping | 1 |